 Dungeon Crawl Stone Soup version 0.28-a0-1506-g3893175d92 (webtiles) character file.

Game seed: 2801318467797948762

29 knot the Chopper (level 3, 28/29 HPs)
             Began as a Demonspawn Berserker on Jan 14, 2022.
             Was a Follower of Trog.
             Quit the game on level 1 of the Dungeon.
             The game lasted 00:00:39 (800 turns).

knot the Chopper (Demonspawn Berserker)              Turns: 800, Time: 00:00:39

Health: 28/29      AC:  2    Str: 17    XL:     3   Next: 1%
Magic:  3/3        EV: 12    Int: 10    God:    Trog [*.....]
Gold:   33         SH:  0    Dex: 12    Spells: 2/2 levels left

rFire   . . .      SeeInvis .   a - +0 hand axe
rCold   . . .      Faith    .   (no shield)
rNeg    . . .      Spirit   .   b - +0 animal skin
rPois   .          Reflect  .   (no helmet)
rElec   .          Harm     .   (no cloak)
rCorr   .          Rampage  .   (no gloves)
Will    .....                   (no boots)
Stlth   +.........              (no amulet)
HPRegen 1.09/turn               (no ring)
MPRegen 0.08/turn               (no ring)

@: no status effects
A: powered by death 1, demonic magic 1
a: Renounce Religion, Berserk


You were on level 1 of the Dungeon.
You worshipped Trog.
Trog was aware of your devotion.
You visited 1 branch of the dungeon, and saw 1 of its levels.

You collected 33 gold pieces.

Inventory:

Hand Weapons
 a - a +0 hand axe (weapon)
Missiles
 c - 20 sling bullets
 f - 21 stones (quivered)
Armour
 b - a +0 animal skin (worn)
Scrolls
 d - 2 scrolls of silence {unknown}
 g - a scroll of blinking {unknown}
Potions
 e - a potion of lignification {unknown}


   Skills:
 - Level 3.0 Fighting
 + Level 3.8 Axes
 - Level 1.7 Armour
 - Level 1.7 Dodging


You had 2 spell levels left.
You didn't know any spells.
Your spell library contained the following spells:

 Spells                   Type           Power      Damage    Failure   Level
 Sublimation of Blood     Necr           0%         N/A       50%         2
 Wereblood                Tmut           0%         N/A       50%         2
 Summon Hydra             Summ           0%         N/A       100%        7


Dungeon Overview and Level Annotations

Branches:
Dungeon (1/15)

Altars:


Innate Abilities, Weirdness & Mutations

You regenerate a little health from kills.
Spells you cast may paralyse adjacent enemies.


Message History

Trog accepts your kill.
You hit the giant cockroach. The giant cockroach misses you.
You hit the giant cockroach.
The giant cockroach is almost dead.
The giant cockroach misses you.
You closely miss the giant cockroach.
The giant cockroach is almost dead.
The giant cockroach bites you but does no damage.
The giant cockroach barely misses you.
You barely miss the giant cockroach.
The giant cockroach is almost dead.
The giant cockroach misses you.
You hit the giant cockroach.
You kill the giant cockroach!
Trog accepts your kill.
No target in view!
No target in view!
A giant cockroach comes into view.
You see here an amethyst potion.
A giant cockroach is nearby!
A giant cockroach is nearby!
The giant cockroach bites you but does no damage.
You closely miss the giant cockroach. The giant cockroach barely misses you.
The giant cockroach misses you.
You closely miss the giant cockroach. The giant cockroach bites you.
You hit the giant cockroach.
The giant cockroach is moderately wounded.
The giant cockroach bites you but does no damage.
You hit the giant cockroach.
The giant cockroach is almost dead.
The giant cockroach closely misses you. x2
You hit the giant cockroach.
You kill the giant cockroach!
Trog accepts your kill.
You have reached level 3!
Your experience leads to an increase in your attributes!
Increase (S)trength, (I)ntelligence, or (D)exterity?
You feel clever. x2; Your demonic ancestry asserts itself...
A menacing aura infuses your magic.
Are you sure you want to abandon this character and quit the game? (Confirm with "yes".)

###+### #
#.....# #
#.....# ########
#.....#######
#.....##
##.....#.....#
#.....##
#.)....#.....+
+.....'. #
#...†....@...#
#.....##
#>#.......##+###
#.....##
#!#.#....!..#
########.....##
# #.#.........#
#........######
#.#.###.......#
#........# #
#.#......######
#........# #
#......#.#
#........# #
#........#
#........# #
#......###
#........# #


There were no monsters in sight!

Vanquished Creatures
  A dart slug (D:1)
  2 ball pythons (D:1)
  An endoplasm (D:1)
  5 giant cockroaches (D:1)
  A goblin (D:1)
  4 hobgoblins (D:1)
  6 bats (D:1)
  2 frilled lizards (D:1)
  2 rats (D:1)
24 creatures vanquished.

Notes
Turn   | Place    | Note
-------+----------+-------------------------------------------
     0 | D:1      | knot the Demonspawn Berserker began the quest for the Orb.
     0 | D:1      | Reached XP level 1. HP: 18/18 MP: 1/1
   155 | D:1      | Gained mutation: You regenerate a little health from kills.
                  | [demonic ancestry]
   155 | D:1      | Reached XP level 2. HP: 13/24 MP: 2/2
   295 | D:1      | Found a faded altar of an unknown god.
   800 | D:1      | Gained mutation: Spells you cast may paralyse adjacent
                  | enemies. [demonic ancestry]
   800 | D:1      | Reached XP level 3. HP: 28/29 MP: 3/3
   800 | D:1      | Quit the game

Illustrated notes

Levels and vault maps discovered:
D:1:      psy_arrival_radial02, layout_basic,
          hellmonk_ecumenical_altar_inner_sanctum

Skill      XL: |  1 |
---------------+----+-----
Axes           | 3 |  3.8
Fighting       | |  3.0
Armour         | |  1.7
Dodging        | |  1.7

Action                   || total
-------------------------++-------
Melee: Hand axe          ||    55
Armor: Animal skin       ||    14
Dodge: Dodged            ||    43

Table legend: (Time is in decaauts)
 A = Elapsed time spent in this place.
 B = Non-inter-level travel time spent in this place.
 C = Inter-level travel time spent in this place.
 D = Time resting spent in this place.
 E = Time spent auto-exploring this place.
 F = Levels seen in this place.
 G = Mean time per level.
                   A        B        C        D        E       F      G
               +--------+--------+--------+--------+--------+-----+--------+
         Total |    807 |    807 |      0 |     31 |    630 |   1 |  807.0 |
       Dungeon |    807 |    807 |      0 |     31 |    630 |   1 |  807.0 |
               +--------+--------+--------+--------+--------+-----+--------+

Top non-repeatable levels by time:
     D:1: 807 daAuts
